 Dungeon Crawl Stone Soup version 0.32-a0-42-ga30500b4d3 (webtiles) character file.

Game seed: 7033600077893170403

8457 Ceno the Basher (level 11, -2/94 HPs)
             Began as an Armataur Warper on Feb 3, 2024.
             Was an Elder of Ashenzari.
             Slain by a komodo dragon (22 damage)
             ... on level 2 of the Lair of Beasts.
             The game lasted 00:39:35 (7494 turns).

Ceno the Basher (Armataur Warper)                   Turns: 7494, Time: 00:39:36

Health: -2/94      AC: 24    Str: 21    XL:     11   Next: 10%
Magic:  13/13      EV:  9    Int: 13    God:    Ashenzari [****..]
Gold:   586        SH:  4    Dex: 10    Spells: 7/13 levels left

rFire   . . .        N - +1 morningstar (protect)
rCold   . . .        Q - +0 buckler of Ashenzari's Seer {Cun, Bglg} (curse)
rNeg    . . .        i - +1 ring mail of Ashenzari's Black Moon {Cun, Bglg} (curse)
rPois   .            l - +1 helmet of the Enlightened Oracle {Elem, Cun} (curse)
rElec   .            (no cloak)
rCorr   .            B - +1 pair of gloves of the Eternal Cosmos {Bglg, Sorc} (curse)
SInv    +            (no barding)
Will    .....        e - amulet of the Eye in the Sky {Regen+, Sorc, Elem} (curse)
Stlth   +            h - ring of Ashenzari's Sybil {AC+4, Melee, Dev} (curse)
HPRegen 1.15/turn    K - ring of flight
MPRegen 0.13/turn

%: clarity, roll
@: under a protective aura, flying
A: large, deformed body, tough skin 3, armoured tail, roll 2
a: Renounce Religion, Curse Item, Shatter the Chains


You were on level 2 of the Lair of Beasts.
You worshipped Ashenzari.
Ashenzari was greatly pleased with you.
You visited 3 branches of the dungeon, and saw 12 of its levels.

You collected 586 gold pieces.

Inventory:

Hand Weapons
 a - a +0 mace
 o - a +3 whip
 x - a +3 dire flail of draining
 N - a +1 morningstar of protection (weapon)
Missiles
 f - 81 stones
 n - 11 poisoned darts
 A - 3 javelins
Armour
 i - the cursed +1 ring mail of Ashenzari's Black Moon (worn) {Cun, Bglg}
   (You found it on level 1 of the Dungeon)

   It has a curse which improves the following skills: Cunning: Dodging and
   Stealth.
   Beguiling: Hexes and Translocations.
 l - the cursed +1 helmet of the Enlightened Oracle (worn) {Elem, Cun}
   (You took it off Robin on level 2 of the Dungeon)

   It has a curse which improves the following skills: Elements: Fire Magic, Ice
   Magic, Air Magic and Earth Magic.
   Cunning:   Dodging and Stealth.
 B - the cursed +1 pair of gloves of the Eternal Cosmos (worn) {Bglg, Sorc}
   (You found it on level 6 of the Dungeon)

   It has a curse which improves the following skills: Beguiling: Hexes and
   Translocations.
   Sorcery:   Conjurations and Alchemy.
 M - +0 fire dragon scales
 Q - the cursed +0 buckler of Ashenzari's Seer (worn) {Cun, Bglg}
   (You found it on level 9 of the Dungeon)

   It has a curse which improves the following skills: Cunning: Dodging and
   Stealth.
   Beguiling: Hexes and Translocations.
Jewellery
 e - the cursed amulet of the Eye in the Sky (around neck) {Regen+, Sorc, Elem}
   (You found it on level 1 of the Dungeon)

   [amulet of regeneration]

   Regen+:    It increases your rate of health regeneration.
   It has a curse which improves the following skills: Sorcery: Conjurations and
   Alchemy.
   Elements:  Fire Magic, Ice Magic, Air Magic and Earth Magic.
 h - the cursed ring of Ashenzari's Sybil (left hand) {AC+4, Melee, Dev}
   (You found it on level 1 of the Dungeon)

   [ring of protection]

   AC+4:      It affects your AC (+4).
   It has a curse which improves the following skills: Melee Combat: Short
   Blades, Long Blades, Axes, Maces & Flails, Polearms, Staves and Unarmed
   Combat.
   Devices:   Evocations and Shapeshifting.
 w - a ring of ice
 K - a ring of flight (right hand)
 P - a +6 ring of dexterity
Wands
 I - a wand of flame (10)
 J - a wand of digging (9)
Scrolls
 c - 2 scrolls of blinking
 g - a scroll of brand weapon
 j - 6 scrolls of teleportation
 m - 3 scrolls of amnesia
 q - a scroll of immolation
 v - 2 scrolls of poison
 y - a scroll of vulnerability
 D - a scroll of enchant armour
 G - 2 scrolls of fog
 H - 4 scrolls of identify
 L - 2 scrolls of silence
 O - a scroll of fear
Potions
 b - 2 potions of might
 k - 5 potions of degeneration
 p - 2 potions of enlightenment
 r - 3 potions of magic
 s - a potion of resistance
 t - 2 potions of heal wounds
 u - a potion of brilliance
 z - a potion of attraction
 C - a potion of cancellation
 E - 3 potions of curing
 F - a potion of haste


   Skills:
 - Level 8.0 Fighting
 + Level 10.9(12.7) Maces & Flails
 - Level 0.8 Throwing
 - Level 8.0 Armour
 - Level 1.3(3.5) Dodging
 + Level 1.7 Shields
 - Level 1.7 Spellcasting
 + Level 5.5(9.0) Translocations
 + Level 4.0(6.5) Air Magic


You had 7 spell levels left.
You knew the following spells:

 Your Spells              Type           Power      Damage    Failure   Level
a - Blink                 Tloc           48%        N/A       1%          2
b - Vhi's Electric Charg  Tloc/Air       42%        N/A       21%         4

Your spell library contained the following spells:

 Spells                   Type           Power      Damage    Failure   Level
 Lesser Beckoning         Tloc           48%        N/A       1%          2
 Teleport Other           Tloc           24%        N/A       3%          3
 Momentum Strike          Conj/Tloc      26%        3d8       11%         2
 Manifold Assault         Tloc           24%        N/A       12%         4
 Volatile Blastmotes      Fire/Tloc      26%        2d12      22%         3
 Ensorcelled Hibernation  Hex/Ice        4%         N/A       54%         2
 Dazzling Flash           Conj/Hex       4%         N/A       77%         3
 Fugue of the Fallen      Necr           1%         N/A       83%         3
 Anguish                  Hex/Necr       0%         N/A       99%         4
 Brom's Barrelling Bould  Conj/Erth      2%         2d3       99%         4
 Fireball                 Conj/Fire      1%         3d3       100%        5
 Iskenderun's Battlesphe  Conj           2%         2d6       100%        5
 Conjure Ball Lightning   Conj/Air       5%         3x3d6     100%        6
 Starburst                Conj/Fire      1%         6d3       100%        6
 Orb of Destruction       Conj           1%         9d5       100%        7
 Maxwell's Capacitive Co  Air            9%         ∞         100%        8


Dungeon Overview and Level Annotations

Branches:
Dungeon (9/15)             Temple (1/1) D:5            Lair (2/5) D:9
  Swamp: Lair:2-3    Shoals: Lair:2-3     Snake: Lair:2-3    Spider: Lair:2-3
    Orc: D:9-12

Altars:
Ashenzari
Cheibriados
Dithmenos
Elyvilon
Fedhas
Gozag
Hepliaklqana
Kikubaaqudgha
Makhleb
Nemelex Xobeh
Okawaru
Qazlal
Ru
Sif Muna
Trog
Uskayaw
Vehumet
Wu Jian
Xom
Yredelemnul
Zin
The Shining One

Shops:
D:8 ?   D:9 (

Annotations:
D:6 Menkaure
Lair:1 Fannar


Innate Abilities, Weirdness & Mutations

Armour fits poorly on your strangely shaped body.
You have extremely tough skin. (AC +3)
You have a long armoured tail.
You regenerate magic and health when rolling toward enemies. (Rampage Regen)


Message History

Anything else - Cancel.
Okay, then.
You feel much better. The komodo dragon closely misses you.
You hit the komodo dragon.
Your tail-slap misses the komodo dragon.
The komodo dragon is severely wounded.
The komodo dragon barely misses you.
You hit the komodo dragon.
The komodo dragon is severely wounded.
The komodo dragon bites you but does no damage.
You hit the komodo dragon but do no damage.
You tail-slap the komodo dragon, but do no damage.
The komodo dragon is severely wounded.
The komodo dragon bites you but does no damage.
You barely miss the komodo dragon.
The komodo dragon is severely wounded.
You block the komodo dragon's attack.
You hit the komodo dragon.
Your tail-slap misses the komodo dragon.
The komodo dragon is severely wounded.
The komodo dragon closely misses you.
You barely miss the komodo dragon.
The komodo dragon is severely wounded.
You hit the komodo dragon.
The komodo dragon is severely wounded.
The komodo dragon bites you but does no damage.
You barely miss the komodo dragon.
The komodo dragon is severely wounded.
The komodo dragon bites you!!
You barely miss the komodo dragon.
The komodo dragon is severely wounded.
The komodo dragon bites you!
* * * LOW HITPOINT WARNING * * *
You barely miss the komodo dragon.
The komodo dragon is severely wounded.
The komodo dragon bites you but does no damage.
You puncture the komodo dragon!
The komodo dragon is almost dead.
The komodo dragon bites you!!
You die...

,,***,,,,,,,,,,,,
*...............,
,....?..........,
,(..............,
,............$..,
,...............,
,...............,
,...............,
,.......@l......,
,...............,
,...........##..,
,...........#,,,,
,.............,,,
,..............,*
,..............#*
,.............##
,,,,,,,,,,,,,,**


You could see a komodo dragon.

Vanquished Creatures
  A two-headed ogre (D:9)
  A black mamba (D:9)
  2 cane toads
  A rime drake (Lair:1)
  A komodo dragon (Lair:1)
  2 trolls (D:9)
  2 hornets
  5 blink frogs (Lair:1)
  A fire bat (D:6)
  A wyvern (D:9)
  2 ice beasts
  2 orc warriors
  3 black bears
  5 sky beasts
  4 wolves (D:9)
  6 centaurs
  An ogre (D:4)
  2 phantoms
  7 bullfrogs
  4 scorpions
  12 wights
  3 killer bees (D:9)
  3 howler monkeys
  2 electric eels (D:9)
  7 hounds
  A jelly (D:5)
  3 orc priests
  A gnoll bouda (D:6)
  2 iguanas
  5 orc wizards
  Robin (D:2)
  8 gnolls
  8 adders
  2 shadow imps
  A white imp (D:7)
  2 ufetubi (D:5)
  4 dart slugs
  11 orcs
  3 bats
  8 endoplasms
  12 goblins
  15 hobgoblins
  4 jackals (D:5)
  3 quokkas
  4 ball pythons
  A frilled lizard (D:3)
  8 kobolds
  A rat (D:3)
188 creatures vanquished.

Notes
Turn   | Place    | Note
-------+----------+-------------------------------------------
     0 | D:1      | Ceno the Armataur Warper began the quest for the Orb.
     0 | D:1      | Reached XP level 1. HP: 17/17 MP: 3/3
   238 | D:1      | Reached skill level 2 in Maces & Flails
   445 | D:1      | Reached XP level 2. HP: 21/24 MP: 4/4
   961 | D:2      | Reached XP level 3. HP: 29/29 MP: 5/5
  1279 | D:2      | Reached skill level 3 in Maces & Flails
  1286 | D:2      | Noticed Robin
  1304 | D:2      | Killed Robin
  1305 | D:2      | Reached XP level 4. HP: 37/37 MP: 6/6
  2077 | D:4      | Noticed a phantom
  2132 | D:4      | Reached XP level 5. HP: 44/44 MP: 7/7
  2171 | D:4      | Reached skill level 4 in Maces & Flails
  2229 | D:5      | Entered Level 5 of the Dungeon
  2229 | D:5      | Noticed an ice beast
  2246 | D:5      | Killed an ice beast
  2247 | D:5      | Reached XP level 6. HP: 15/51 MP: 8/8
  2362 | D:5      | Found a broken altar of Ashenzari.
  2367 | D:5      | Found a stormy altar of Qazlal.
  2367 | D:5      | Found a blossoming altar of Fedhas.
  2392 | D:5      | Became a worshipper of Ashenzari the Shackled
  2518 | D:5      | Reached skill level 5 in Maces & Flails
  2578 | D:5      | Found a staircase to the Ecumenical Temple.
  2586 | D:5      | Gained mutation: You regenerate magic and health when
                  | rolling toward enemies. (Rampage Regen) [Armataur growth]
  2586 | D:5      | Reached XP level 7. HP: 58/58 MP: 9/9
  2706 | Temple   | Entered the Ecumenical Temple
  2955 | D:5      | Reached skill level 6 in Maces & Flails
  3069 | D:4      | Reached skill level 5 in Armour
  3269 | D:4      | Reached XP level 8. HP: 67/67 MP: 10/10
  3477 | D:6      | Found a shimmering altar of Xom.
  3477 | D:6      | Noticed Menkaure
  3525 | D:5      | Reached skill level 5 in Fighting
  3583 | D:6      | Reached skill level 7 in Maces & Flails
  3882 | D:6      | Reached * piety under Ashenzari
  4183 | D:7      | Reached XP level 9. HP: 70/74 MP: 11/11
  4186 | D:7      | Learned a level 2 spell: Blink
  4254 | D:7      | Reached skill level 8 in Maces & Flails
  4332 | D:7      | Identified the +0 spear "Sainaorr" {vamp, rF+ Will++}
  4371 | D:7      | Found an opulent altar of Gozag.
  4429 | D:7      | Found a glowing golden altar of the Shining One.
  4490 | D:7      | Reached ** piety under Ashenzari
  4705 | D:7      | Found a glowing silver altar of Zin.
  5091 | D:8      | Reached skill level 9 in Maces & Flails
  5121 | D:8      | Found a hazy altar of Hepliaklqana.
  5220 | D:8      | Found an ornate altar of the Wu Jian Council.
  5246 | D:8      | Found a snail-covered altar of Cheibriados.
  5246 | D:8      | Found a sacrificial altar of Ru.
  5251 | D:8      | Found a radiant altar of Vehumet.
  5252 | D:8      | Found a sparkling altar of Nemelex Xobeh.
  5334 | D:8      | Found Jiar's Magic Scroll Boutique.
  5686 | D:9      | Reached XP level 10. HP: 73/84 MP: 12/12
  5776 | D:9      | Reached *** piety under Ashenzari
  5812 | D:9      | Found an iron altar of Okawaru.
  5827 | D:9      | Found Woyppalese's Antique Weapon Boutique.
  5836 | D:9      | Noticed a two-headed ogre
  5950 | D:9      | Found a staircase to the Lair.
  5978 | D:9      | Reached skill level 10 in Maces & Flails
  5981 | Lair:1   | Entered Level 1 of the Lair of Beasts
  5981 | Lair:1   | Noticed a cane toad
  5995 | D:9      | Killed a cane toad
  6004 | Lair:1   | Reached skill level 1 in Air Magic
  6136 | Lair:1   | Noticed a cane toad
  6153 | Lair:1   | Killed a cane toad
  6201 | Lair:1   | Reached skill level 5 in Translocations
  6321 | Lair:1   | Noticed a black mamba
  6333 | D:9      | Killed a black mamba
  6367 | D:9      | Killed a two-headed ogre
  6374 | D:9      | Learned a level 4 spell: Vhi's Electric Charge
  6495 | D:9      | Reached XP level 11. HP: 87/94 MP: 13/13
  6542 | D:9      | Reached skill level 1 in Shields
  6651 | D:9      | Reached **** piety under Ashenzari
  7466 | Lair:2   | Noticed Fannar
  7494 | Lair:2   | Slain by a komodo dragon

Illustrated notes

Levels and vault maps discovered:
D:1:      minmay_arrival_checkered_box, layout_loops_ring
D:2:      layout_rooms, nicolae_hexahallways, grunt_ministairs_15, uniq_robin
D:3:      layout_rooms, st_stairs_14
D:4:      layout_rooms
D:5:      layout_loops_ring, grunt_temple_overflow_forces_of_nature,
          overflow_temple_1_default, minmay_temple_entry_sparse_star
D:6:      layout_loops_ring, regret_index_xom_of_box, water_boxes_lemuel,
          uniq_menkaure
D:7:      layout_loops_ring, pdpol_temple_overflow_zin_treasury_gozag_greed,
          general_overflow_altar
D:8:      layout_cave_pools, minitemple, worldfamousw_hep_ancestral_shrine,
          serial_shops, shop
D:9:      layout_stronghold, okawaru_metal_pillars_1_2, erik_lair_island,
          serial_shops, nicolae_shop_temple_entry_statues_fountains
Temple:   nicolae_temple_superstar
Lair:1:   layout_chaotic_city, serial_bayou_crossing
Lair:2:   layout_layer_cave, mainiacjoe_shoals_entry_four_pools,
          grunt_megastairs_5, uniq_fannar

Skill      XL: |  1  2  3  4  5  6  7  8  9 10 11 |
---------------+----------------------------------+-----
Maces & Flails | 2 3 4 5 6 7 9 10 | 10.9
Fighting       | 2 3 4 5 6 8 |  8.0
Armour         | 2 3 4 5 6 8 |  8.0
Translocations | 5 |  5.5
Air Magic      | 3 4 |  4.0
Shields        | 1 |  1.7
Throwing       | |  0.8
Dodging        | |  1.3
Spellcasting   | |  1.7

Action                     |  1- 3 |  4- 6 |  7- 9 | 10-12 || total
---------------------------+-------+-------+-------+-------++-------
  Melee: Mace              |   109 |    27 |       |       ||   136
         Tailslap          |    13 |    10 |    28 |    17 ||    68
         Whip              |       |   116 |    45 |       ||   161
         Punch             |       |     3 |       |       ||     3
         Dire flail        |       |       |   242 |    10 ||   252
         Morningstar       |       |       |       |   173 ||   173
  Throw: Stone             |     1 |     2 |     2 |       ||     5
         Dart              |       |     2 |    12 |    17 ||    31
         Javelin           |       |       |       |     1 ||     1
   Cast: Blink             |       |       |     1 |     3 ||     4
 Invoke: Curse Item        |       |       |     4 |     2 ||     6
  Evoke: Wand              |       |       |     1 |     3 ||     4
    Use: Scroll            |       |     4 |     4 |     2 ||    10
         Potion            |       |       |       |     2 ||     2
 Armour: Ring mail         |    66 |   114 |   199 |   193 ||   572
         Leather armour    |     7 |       |       |       ||     7
  Dodge: Dodged            |    47 |    51 |   102 |    77 ||   277
  Block: Buckler           |       |       |       |    17 ||    17

Table legend: (Time is in decaauts)
 A = Elapsed time spent in this place.
 B = Non-inter-level travel time spent in this place.
 C = Inter-level travel time spent in this place.
 D = Time resting spent in this place.
 E = Time spent auto-exploring this place.
 F = Levels seen in this place.
 G = Mean time per level.
                   A        B        C        D        E       F      G
               +--------+--------+--------+--------+--------+-----+--------+
         Total |   7485 |   7077 |    408 |     80 |   3215 |  12 |  623.8 |
       Dungeon |   6557 |   6196 |    361 |     67 |   2711 |   9 |  728.6 |
        Temple |      1 |      1 |      0 |      0 |      0 |   1 |    1.0 |
          Lair |    926 |    879 |     47 |     13 |    504 |   2 |  463.0 |
               +--------+--------+--------+--------+--------+-----+--------+

Top non-repeatable levels by time:
     D:9: 992 daAuts
  Lair:1: 910 daAuts
     D:5: 896 daAuts
     D:2: 865 daAuts
     D:7: 837 daAuts
     D:1: 793 daAuts
     D:8: 680 daAuts
     D:6: 564 daAuts
     D:4: 499 daAuts
     D:3: 428 daAuts
  Lair:2: 16 daAuts
  Temple: 1 daAuts
